Map: Lost and Found LE

Players

BIRIBA

  • Race: Zerg Zerg
  • League: Gold
  • Spawn Location: 1:00

Bibbles - Winner!

  • Race: Terran Terran
  • League: Gold
  • Spawn Location: 7:00

VOD

Have the link to the VOD?

Description

Time

  • Played on: Sept. 23, 2018, 1:59 p.m.
  • Length: 17:00
Show
View Real Time Build Order
Export as new Build Order

BIRIBA Zerg 

Build Orders: Pool First 

Get SALT Encoding   

  12  0:01  Drone  
  13  0:10  Drone  
  14  0:17  Overlord  
  14  0:36  Spawning Pool  
  14  0:38  Drone  
  14  0:42  Extractor  
  14  0:45  Drone  
  14  0:52  Drone  
  14  0:54  Drone  
  16  1:02  Drone  
  17  1:12  Drone  
  18  1:22  Drone  
  18  1:23  Queen  
  22  1:32  Drone  
  22  2:01  Metabolic Boost  
  22  2:07  Baneling Nest  
  21  2:16  Hatchery  
  21  2:18  Zergling x4  
  21  2:22  Overlord  
  22  2:41  Overlord  
  22  2:43  Zergling x6  
  25  3:04  Zergling x4  
  27  3:10  Zergling x6  
  30  3:26  Zergling x4  
  32  3:29  Baneling x5  
  32  3:34  Zergling x2  
  32  3:35  Queen  
  32  3:39  Zergling x2  
  32  3:40  Zergling x6  
  30  4:04  Zergling x10  
  35  4:16  Zergling x8  
  31  4:42  Drone  
  31  4:43  Drone x6  
  38  4:51  Extractor  
  37  5:06  Drone x2  
  39  5:10  Drone  
  39  5:11  Drone x3  
  43  5:22  Roach Warren  
  42  5:45  Extractor  
  41  6:08  Roach  
  41  6:09  Hatchery  
  41  6:11  Overlord x2  
  42  6:22  Lair  
  42  6:38  Roach  
  42  6:39  Roach x8  
  60  6:43  Overlord x2  
  44  7:09  Zergling x2  
  44  7:10  Zergling x20  
  55  7:25  Glial Reconstitution  
  55  7:33  Queen  
  57  7:40  Drone  
  57  7:41  Drone x4  
  57  7:43  Drone  
  63  8:14  Drone  
  63  8:15  Drone x7  
  71  8:22  Overlord  
  71  8:49  Roach x7  
  85  9:11  Drone  
  85  9:12  Drone x2  
  88  9:23  Roach  
  90  9:25  Overlord  
  90  9:26  Overlord  
  90  9:53  Spore Crawler  
  90  9:56  Spore Crawler  
  90  9:58  Overseer  
  88  10:02  Spore Crawler  
  87  10:09  Roach x2  
  87  10:10  Roach x7  
  105  10:14  Overlord x2  
  105  10:25  Overseer  
  105  10:29  Hatchery  
  102  10:47  Ravager  
  102  10:48  Ravager x8  
  102  10:49  Ravager x6  
  117  11:08  Overlord x5  
  117  11:37  Roach  
  117  11:38  Roach x17  
  153  11:54  Evolution Chamber  
  153  11:58  Burrow  
  112  12:49  Zergling x12  
  112  12:50  Zergling x36  
  135  13:17  Spire  
  134  13:35  Roach x20  
  134  13:38  Tunneling Claws  
  134  13:45  Roach  
  134  13:46  Roach x13  
  162  13:49  Overlord x2  
  162  14:00  Overseer  
  162  14:02  Overseer  
  162  14:18  Zergling x2  
  162  14:19  Zergling x20  
  164  14:52  Queen  
  166  14:55  Overlord x3  
  36  15:44  Zergling x2  
  36  15:45  Zergling x46  
  60  16:03  Roach  
  60  16:04  Roach x4  
  69  16:14  Baneling  
  69  16:15  Baneling x6  
Show
View Real Time Build Order
Export as new Build Order

Bibbles Terran - Winner!

Build Orders:  

Get SALT Encoding   

  12  0:00  SCV  
  13  0:12  SCV  
  14  0:17  Supply Depot  
  14  0:25  SCV  
  15  0:33  Refinery  
  15  0:41  Barracks  
  15  0:45  SCV  
  16  0:57  SCV  
  17  1:09  SCV  
  18  1:21  SCV  
  19  1:27  Marine  
  20  1:33  Orbital Command  
  20  1:45  Marine, Bunker  
  21  1:51  Factory  
  21  2:03  Marine  
  21  2:04  SCV  
  21  2:05  Barracks  
  23  2:18  Supply Depot  
  23  2:39  Marine, SCV  
  23  2:40  Widow Mine  
  23  2:44  Refinery  
  27  2:46  Supply Depot  
  27  2:52  SCV  
  27  2:57  Marine, Barracks Tech Lab  
  29  3:05  Factory Reactor  
  29  3:10  Supply Depot  
  29  3:15  Marine  
  30  3:20  Command Center  
  30  3:30  Starport  
  30  3:33  Stimpack  
  29  3:41  Marine  
  28  3:59  Marine  
  27  4:08  Bunker  
  27  4:10  SCV  
  27  4:17  Marine  
  28  4:22  SCV  
  28  4:35  Marine x2, SCV  
  25  4:54  Supply Depot  
  25  4:56  Widow Mine  
  27  5:07  Orbital Command  
  27  5:12  Barracks Reactor  
  27  5:13  Marine  
  28  5:27  Medivac x2  
  32  5:32  Marine  
  32  5:34  SCV  
  34  5:42  Factory Tech Lab  
  34  5:48  Orbital Command, Supply Depot  
  34  5:49  Marine  
  34  5:50  Marine x2  
  34  5:53  SCV  
  38  6:05  SCV  
  38  6:07  Marine  
  38  6:08  Marine x2  
  42  6:25  Marine  
  42  6:26  Marine x2, SCV x2  
  47  6:43  Marine x2  
  47  6:44  Marine  
  47  6:46  SCV x2  
  52  7:01  Marine x3  
  46  7:19  Marine x3  
  49  7:25  Siege Tank  
  52  7:31  SCV  
  52  7:36  Marine  
  54  7:37  Marine x2  
  56  7:48  Supply Depot  
  56  7:54  Marine  
  56  7:55  Marine  
  56  7:57  Siege Tank  
  61  8:11  Marine  
  61  8:12  Marine, Supply Depot  
  63  8:14  Orbital Command  
  63  8:29  Siege Tank  
  66  8:41  SCV x2  
  68  8:50  Supply Depot  
  68  8:53  SCV  
  68  8:54  Barracks, SCV  
  70  8:57  Barracks  
  70  9:01  Siege Tank  
  73  9:05  SCV  
  73  9:06  SCV  
  73  9:07  Marine x3  
  78  9:18  SCV  
  79  9:25  Marine x3  
  82  9:33  Siege Tank  
  82  9:35  SCV x2  
  87  9:42  Marine  
  87  9:43  Marine x2  
  90  9:49  Medivac  
  92  9:54  Marine x2  
  92  9:55  Engineering Bay  
  94  10:00  Marine x2  
  94  10:01  Marine  
  94  10:05  Siege Tank  
  100  10:12  Marine x2  
  102  10:16  Refinery  
  102  10:32  Supply Depot  
  102  10:41  SCV  
  102  10:42  Marine, SCV  
  102  10:43  Marine  
  102  10:53  Marine x3  
  102  10:54  SCV  
  102  10:55  Supply Depot  
  106  11:01  Marine  
  107  11:06  Marine  
  108  11:11  Marine x2  
  108  11:16  Marine  
  111  11:19  Marine  
  111  11:24  Marine  
  113  11:29  Marine x2  
  113  11:32  SCV x2  
  117  11:34  Marine  
  117  11:35  Command Center  
  118  11:51  Terran Infantry Weapons Level 1  
  118  12:12  SCV  
  118  12:13  SCV  
  118  12:23  Marine  
  118  12:24  Marine x2  
  118  12:25  Marine  
  118  12:26  Marine, SCV  
  118  12:27  Siege Tank  
  79  12:41  Marine x2  
  79  12:42  Marine  
  79  12:43  Marine x2  
  83  12:53  SCV  
  83  12:55  Refinery, Medivac x2  
  88  12:59  Marine x2, Siege Tank  
  88  13:00  Marine  
  88  13:01  Marine x2  
  96  13:17  Marine x2  
  96  13:18  Marine  
  96  13:19  Marine x2  
  101  13:28  Orbital Command  
  101  13:30  SCV x2  
  101  13:32  Siege Tank  
  106  13:35  Marine x3  
  106  13:37  Marine x2  
  111  13:42  SCV x2  
  111  13:45  Terran Infantry Armor Level 1  
  113  13:52  Marine  
  113  13:53  Marine x2  
  113  13:54  Marine  
  113  13:55  Marine  
  118  14:04  Siege Tank  
  121  14:10  Marine x2  
  121  14:11  Marine  
  121  14:12  Marine, Starport  
  121  14:13  Marine  
  126  14:27  Orbital Command  
  126  14:28  Marine x2  
  126  14:29  Marine  
  126  14:30  Marine x2  
  131  14:36  Siege Tank  
  124  14:46  Marine x2  
  124  14:47  Marine  
  124  14:48  Marine x2  
  124  14:51  SCV  
  124  14:52  SCV  
  131  14:54  SCV  
  132  15:03  SCV  
  133  15:19  Marine  
  133  15:20  SCV  
  133  15:23  Marine  
  133  15:24  Marine  
  133  15:25  Marine, Siege Tank, SCV  
  133  15:26  Marine, SCV  
  120  15:37  Marine  
  120  15:38  SCV  
  120  15:41  Marine  
  120  15:42  Marine x2  
  123  15:43  Marine  
  126  15:54  Marine  
  126  15:56  Starport Tech Lab  
  127  15:58  Siege Tank, Starport  
  127  15:59  Marine  
  127  16:00  Marine x2  
  133  16:24  Supply Depot  
  133  16:25  Supply Depot  
  133  16:27  Supply Depot  
  138  16:49  Command Center  
Tags
 
League
GoldGold
Matchup
TvZ
Opening
Pool First
Spawn Locations
Cross Positions
Add a new tag
Caveats
  • Supply blocks, unpowered buildings, or Contaminate may cause inaccurate times.
  • Supply counts are checked every 10 seconds.